 Dungeon Crawl Stone Soup version 0.22.1-1-ga44c0e5 (webtiles) character file.

162934 empire the Warrior (level 17, -5/160 HPs)
             Began as a Minotaur Fighter on Nov 7, 2018.
             Was the Champion of Cheibriados.
             Slain by a shambling mangrove (24 damage)
             ... on level 4 of the Swamp.
             The game lasted 01:22:14 (28242 turns).

empire the Warrior (Minotaur Fighter)              Turns: 28242, Time: 01:22:16

Health: -5/160     AC: 28    Str: 50    XL:     17   Next: 23%
Magic:  23/25      EV: 14    Int: 26    God:    Cheibriados [******]
Gold:   1722       SH: 20    Dex: 29    Spells: 19/28 levels left

rFire    . . .     SeeInvis .   b - +5 scimitar (flame)
rCold    . . .     Gourm    .   c - +1 shield
rNeg     . . .     Faith    .   x - +1 plate armour
rPois    +         Spirit   .   W - +2 hat
rElec    .         Reflect  +   m - +2 cloak {rPois}
rCorr    .         Harm     .   H - +2 pair of gloves
MR       +....                  A - +2 pair of boots
Stlth    ..........             P - amulet of the Kangaroo {Reflect +Fly Str+3 Int+4 SH+2}
HPRegen  0.36/turn              Q - ring of Zuuw {Dex+3 Slay+2}
MPRegen  0.19/turn              B - ring "Guujem" {rPois Slay+3}

@: mighty, grasped by roots, studying Summonings, very slow
A: retaliatory headbutt, horns 2, blink, strong 1
a: Blink, Bend Time, Temporal Distortion, Slouch, Step From Time, Renounce
Religion, Evoke Flight


You were on level 4 of the Swamp.
You worshipped Cheibriados.
Cheibriados was exalted by your worship.
You were near starving.

You visited 6 branches of the dungeon, and saw 29 of its levels.
You also visited: Ossuary.

You collected 2178 gold pieces.
You spent 456 gold pieces at shops.

Inventory:

Hand Weapons
 a - a +5 scimitar of slicing
 b - a +5 scimitar of flaming (weapon)
Armour
 c - a +1 shield (worn)
 m - a +2 cloak of poison resistance (worn)
 v - a +0 troll leather armour
 x - a +1 plate armour (worn)
 A - a +2 pair of boots (worn)
 E - +0 swamp dragon scales
 H - a +2 pair of gloves (worn)
 W - a +2 hat (worn)
Jewellery
 d - a cursed ring of teleportation {unknown}
 e - an uncursed ring of flight
 w - an uncursed ring of see invisible
 B - the ring "Guujem" (right hand) {rPois Slay+3}
   (You took it off an orc on level 11 of the Dungeon)

   [ring of poison resistance]

   It affects your accuracy and damage with ranged weapons and melee attacks
   (+3).
   It protects you from poison.
 P - the amulet of the Kangaroo (around neck) {Reflect +Fly Str+3 Int+4 SH+2}
   (You found it on level 9 of the Dungeon)

   [amulet of reflection]

   It shields you and reflects attacks.
   It affects your strength (+3).
   It affects your intelligence (+4).
   It lets you fly.
   It affects your SH (+2).
 Q - the ring of Zuuw (left hand) {Dex+3 Slay+2}
   (You found it on level 9 of the Dungeon)

   [ring of dexterity]

   It affects your dexterity (+3).
   It affects your accuracy and damage with ranged weapons and melee attacks
   (+2).
Wands
 o - a wand of enslavement (27)
 q - a wand of paralysis (10)
 z - a wand of iceblast (22)
 G - a wand of acid (10)
 I - a wand of flame (67)
 L - a wand of clouds (7)
 M - a wand of disintegration (32)
 S - a wand of polymorph (12)
 U - a wand of digging (17)
Scrolls
 g - 10 scrolls of identify
 i - 3 scrolls of fear
 l - 2 scrolls of blinking
 n - a scroll of amnesia
 s - 10 scrolls of remove curse
 t - a scroll of enchant weapon
 u - 15 scrolls of teleportation
 y - 5 scrolls of magic mapping
 C - 2 scrolls of holy word
 F - a scroll of fog
 X - 2 scrolls of summoning
Potions
 j - 2 potions of ambrosia
 k - 4 potions of resistance
 p - 2 potions of flight
 D - 3 potions of agility
 K - a potion of cancellation
 Z - 3 potions of lignification
Books
 r - a manual of Summonings
Miscellaneous
 O - a fan of gales
Comestibles
 f - 54 rations


   Skills:
 + Level 16.6 Fighting
 + Level 15.1 Long Blades
 + Level 11.5 Armour
 + Level 11.4 Dodging
 + Level 11.5 Shields
 - Level 6.0 Spellcasting
 + Level 11.0 Summonings
 - Level 10.0 Invocations
 - Level 10.0 Evocations


You had 19 spell levels left.
You knew the following spells:

 Your Spells              Type           Power        Failure   Level  Hunger
a - Passwall              Tmut/Erth      #.......     45%         2    None
b - Summon Hydra          Summ           ######....   97%         7    #######

Your spell library contained the following spells:

 Spells                   Type           Power        Failure   Level  Hunger
 Summon Small Mammal      Summ           ####         1%          1    None
 Call Imp                 Summ           ######..     1%          2    None
 Call Canine Familiar     Summ           ######..     1%          3    None
 Summon Guardian Golem    Hex/Summ       #####...     11%         3    None
 Aura of Abjuration       Summ           ######....   11%         5    #####..
 Confusing Touch          Hex            #.....       34%         1    None
 Corona                   Hex            #......      34%         1    None
 Flame Tongue             Conj/Fire      #....        34%         1    None
 Magic Dart               Conj           #...         34%         1    None
 Pain                     Necr           #...         34%         1    None
 Sandblast                Erth           #.....       34%         1    None
 Summon Ice Beast         Ice/Summ       #####...     34%         4    ###....
 Summon Lightning Spire   Summ/Air       #####...     34%         4    ###....
 Blink                    Tloc           N/A          45%         2    None
 Ensorcelled Hibernation  Hex/Ice        #.....       45%         2    None
 Searing Ray              Conj           #.....       45%         2    None
 Slow                     Hex            #.......     45%         2    None
 Throw Flame              Conj/Fire      #.....       45%         2    None
 Confuse                  Hex            #.......     71%         3    None
 Conjure Flame            Conj/Fire      #.......     71%         3    None
 Dazzling Spray           Conj/Hex       #.....       71%         3    None
 Gell's Gravitas          Tloc           #.........   71%         3    None
 Inner Flame              Hex/Fire       #.......     71%         3    None
 Mephitic Cloud           Conj/Pois/Air  #.......     71%         3    None
 Stone Arrow              Conj/Erth      #.....       71%         3    None
 Tukima's Dance           Hex            #.......     71%         3    None
 Vampiric Draining        Necr           #.........   71%         3    None
 Force Lance              Conj/Tloc      #.......     98%         4    ###....
 Fulminant Prism          Conj/Hex       #.........   98%         4    ###....
 Iskenderun's Mystic Bla  Conj           #.......     98%         4    ###....
 Leda's Liquefaction      Hex/Erth       #.........   98%         4    ###....
 Petrify                  Tmut/Erth      #.......     98%         4    ###....
 Sticky Flame             Conj/Fire      #.......     98%         4    ###....
 Fireball                 Conj/Fire      #.........   100%        5    #####..
 Lee's Rapid Deconstruct  Erth           #.........   100%        5    #####..
 Metabolic Englaciation   Hex/Ice        #.........   100%        5    #####..
 Yara's Violent Unravell  Hex/Tmut       #.........   100%        5    #####..
 Poison Arrow             Conj/Pois      #.........   100%        6    ######.
 Chain Lightning          Conj/Air       #.........   100%        8    #######
 Lehudib's Crystal Spear  Conj/Erth      #.........   100%        8    #######
 Fire Storm               Conj/Fire      #.........   100%        9    #######
 Glaciate                 Conj/Ice       #.........   100%        9    #######


Dungeon Overview and Level Annotations

Branches:
Dungeon (15/15)            Temple (1/1) D:7            Lair (6/6) D:8
  Swamp (4/4) Lair:4        Snake (0/4) Lair:2        Slime (0/5) Lair:5
    Orc (2/2) D:10            Elf (1/3) Orc:2        Vaults (0/5) D:13
 Depths (0/5) D:15

Altars:
Ashenzari
Cheibriados
Dithmenos
Elyvilon
Fedhas
Gozag
Hepliaklqana
Kikubaaqudgha
Makhleb
Nemelex Xobeh
Okawaru
Qazlal
Ru
Sif Muna
Trog
Uskayaw
Vehumet
Wu Jian
Xom
Yredelemnul
Zin
The Shining One
Beogh
Jiyva

Shops:
D:5 [   D:12 *   D:13 %   Orc:2 ([(=   Elf:1 :

Portals:
Trove: D:14 (give +4 fire dragon scales)

Annotations:
D:14 3 runed doors, Tommers's ghost, journeyman DsFi
Swamp:4 Lernaean hydra


Innate Abilities, Weirdness & Mutations

You reflexively headbutt those who attack you in melee.
You have a pair of horns on your head.
You can translocate small distances at will.
Your muscles are strong. (Str +2)


Message History

You blink.
You feel slightly more hungry.
A swamp dragon comes into view.
The swamp dragon roars deafeningly!
Roots grasp at your feet, making movement difficult.
A five-headed hydra comes into view.
You block the shambling mangrove's attack.
You block the four-headed hydra's attack.
The four-headed hydra bites you but does no damage.
The four-headed hydra completely misses you.
The four-headed hydra bites you but does no damage.
A five-headed hydra comes into view.
Found 10 gold pieces.
The five-headed hydra roars!
You chop one of the four-headed hydra's heads off!
The flame cauterises the wound!
You slice the three-headed hydra!! You burn the three-headed hydra.
You headbutt the three-headed hydra!!
You kill the three-headed hydra!
Cheibriados thoroughly appreciates the change of pace.
The shambling mangrove hits you!!
You die...

#≈..≈###≈≈≈#≈
#§≈.≈≈≈≈≈≈#≈≈≈
#≈.#.≈≈≈≈≈≈.≈.≈
#≈≈#†≈≈≈≈≈≈≈≈≈### #
##≈#≈≈§≈≈....§.≈ ≈#
##≈≈≈≈####≈§.≈# .≈#
##.#≈≈§#≈.≈≈≈ ≈≈#
#≈....#≈D≈D≈.#§.§#
#≈≈≈.≈§≈#≈≈#≈@≈.≈#
##≈#≈#≈w###≈#f≈.≈≈≈#
#≈≈.#≈≈≈ #.#.#≈≈.≈.#
#≈...≈≈≈# ≈.#$.#.##
#≈≈..≈(.. ... ≈.≈#
##≈#.≈≈ ≈≈.# ...#


DDD≈ ≈.≈# #≈≈.. ≈#.# You could see the 26-headed Lernaean hydra, a shambling
mangrove, 2 five-headed hydras and 2 swamp dragons.

Vanquished Creatures
  A tentacled monstrosity (Swamp:4)
  An orc warlord (Orc:2)
  A stone giant (Orc:1)
  The ghost of Goib the Fighter, a journeyman BaHu of Makhleb (Lair:3)
  A deep elf demonologist (Elf:1)
  A deep elf annihilator (Elf:1)
  A dire elephant (D:15)
  A deep elf death mage (Elf:1)
  Josephine (Orc:2)
  The ghost of Frank the Basher, a journeyman GrFi of Makhleb (Lair:2)
  24 hydras
  Fannar (Orc:1)
  Harold (Orc:1)
  2 catoblepae
  3 ghost crabs
  Erica (D:11)
  A death knight (D:12)
  3 centaur warriors
  4 dancing weapons
  8 alligators
  2 tengu warriors
  7 two-headed ogres
  7 death yaks
  2 orc high priests (Orc:2)
  A deep troll shaman (Lair:6)
  5 deep elf knights
  8 skeletal warriors
  3 shambling mangroves
  3 unseen horrors
  An orange crystal statue (D:13)
  7 swamp dragons
  A wizard (D:12)
  4 deep elf archers (Elf:1)
  Pikel (D:4)
  2 phantasmal warriors (D:12)
  2 lindwurms
  4 orc knights
  2 orc sorcerers
  2 oklob plants (Lair:3)
  33 deep elf magi
  7 ugly things
  3 manticores
  A cyclops (Orc:1)
  Maurice (D:10)
  3 elephants (Lair:6)
  2 black mambas
  2 gargoyles
  A torpor snail (Lair:6)
  20 spiny frogs
  A kobold demonologist (D:15)
  10 komodo dragons
  5 rime drakes
  A queen bee (D:8)
  2 tengu conjurers
  6 meliai
  7 hornets
  3 polar bears
  3 tyrant leeches
  8 trolls
  4 dream sheep (Lair:6)
  10 blink frogs
  3 bog bodies
  13 hippogriffs
  20 slime creatures
  Sigmund (D:3)
  2 air elementals (Elf:1)
  3 water elementals (Elf:1)
  2 wyverns
  59 yaks
  2 spriggans
  A vampire (D:13)
  3 basilisks
  7 wraiths
  3 shadows
  3 fire elementals (Elf:1)
  A wyvern (shapeshifter) (Elf:1)
  A hungry ghost (D:13)
  24 vampire mosquitoes
  A soldier ant (D:12)
  2 acid dragons
  4 insubstantial wisps (Swamp:3)
  8 swamp worms
  A warg (Orc:2)
  13 water moccasins
  10 porcupines
  8 swamp drakes
  5 ice beasts
  8 sky beasts
  7 black bears
  41 orc warriors
  3 eyes of draining
  3 phantoms
  2 slaves (D:4)
  A necrophage (D:10)
  4 boggarts (D:15)
  15 ogres
  6 wolves
  15 centaurs
  14 crocodiles
  4 big kobolds
  31 bullfrogs
  Blork the orc (D:4)
  An earth elemental (Elf:1)
  A water moccasin zombie (Ossuary)
  2 wyvern zombies
  A water moccasin skeleton (D:6)
  4 wyvern skeletons
  3 scorpions
  24 killer bees
  10 wights
  2 electric eels (Lair:3)
  2 howler monkeys
  12 crimson imps
  5 centaur zombies
  3 quasits
  A bullfrog zombie (D:7)
  5 jellies
  10 hounds
  18 orc priests
  Crazy Yiuf (D:2)
  3 bullfrog skeletons
  7 centaur skeletons
  31 orc wizards
  Jessica (D:2)
  Natasha (thrice) (D:2)
  7 iguanas
  Ijyb (D:3)
  5 hell rats (Lair:2)
  12 worker ants
  2 big kobold zombies (Ossuary)
  A hound skeleton (D:6)
  2 mummies (Ossuary)
  Robin (D:4)
  2 worker ant zombies (D:9)
  13 gnolls
  A howler monkey skeleton (D:8)
  15 adders
  6 shadow imps
  7 adder zombies
  5 adder skeletons
  3 worms
  3 dart slugs
  7 leopard geckos
  160 orcs
  2 ball pythons
  3 giant cockroaches
  13 goblins
  18 hobgoblins
  7 jackals
  18 kobolds
  8 quokkas
  8 bats
  5 frilled lizards
  5 gnoll zombies (Ossuary)
  2 hobgoblin zombies (Ossuary)
  5 kobold zombies (Ossuary)
  2 orc zombies (Ossuary)
  12 rats
  3 bushes (Lair:6)
  26 fungi
  72 plants
1222 creatures vanquished.

Vanquished Creatures (others)
  A deep elf archer (Elf:1)
  A boggart (D:15)
  A centaur (D:12)
  An iguana (Lair:4)
  An orc (Orc:1)
  48 fungi
  5 plants
58 creatures vanquished.

Grand Total: 1280 creatures vanquished

Notes
Turn   | Place    | Note
-------+----------+-------------------------------------------
     0 | D:1      | empire the Minotaur Fighter began the quest for the Orb.
     0 | D:1      | Reached XP level 1. HP: 19/19 MP: 0/0
    26 | D:1      | Reached XP level 2. HP: 18/26 MP: 1/1
   377 | D:1      | Reached XP level 3. HP: 31/31 MP: 2/2
   747 | D:2      | Noticed Natasha
   762 | D:2      | Killed Natasha
   763 | D:2      | Reached XP level 4. HP: 28/39 MP: 3/3
   773 | D:2      | Noticed Natasha
   785 | D:2      | Killed Natasha
   806 | D:2      | Found a burning altar of Makhleb.
   873 | D:2      | Reached XP level 5. HP: 34/45 MP: 4/4
  1080 | D:2      | Noticed Jessica
  1084 | D:2      | Killed Jessica
  1224 | D:2      | Reached skill level 5 in Dodging
  1306 | D:2      | Found a runed door.
  1397 | D:2      | Noticed Natasha
  1404 | D:2      | Killed Natasha
  1667 | D:2      | Noticed Crazy Yiuf
  1671 | D:2      | Killed Crazy Yiuf
  1671 | D:2      | Reached XP level 6. HP: 49/51 MP: 5/5
  2060 | D:3      | Found a sparkling altar of Nemelex Xobeh.
  2062 | D:3      | Found a basalt altar of Yredelemnul.
  2062 | D:3      | Found an opulent altar of Gozag.
  2063 | D:3      | Found a blossoming altar of Fedhas.
  2168 | D:3      | Noticed Sigmund
  2189 | D:3      | Killed Sigmund
  2189 | D:3      | Reached skill level 5 in Armour
  2197 | D:3      | Found a shimmering altar of Xom.
  2197 | D:3      | Found a glowing silver altar of Zin.
  2198 | D:3      | Found a snail-covered altar of Cheibriados.
  2206 | D:3      | Became a worshipper of Cheibriados the Contemplative
  2696 | D:3      | Noticed Ijyb
  2710 | D:3      | Killed Ijyb
  2767 | D:4      | Reached XP level 7. HP: 57/57 MP: 6/6
  2912 | D:4      | Noticed Blork the orc
  2929 | D:4      | Killed Blork the orc
  2929 | D:4      | Reached skill level 5 in Long Blades
  3040 | D:4      | Noticed Robin
  3044 | D:4      | Reached * piety under Cheibriados
  3056 | D:4      | Noticed Pikel
  3071 | D:4      | Gained mutation: Your muscles are strong. (Str +2) [potion
                  | of mutation]
  3071 | D:4      | Gained mutation: You can translocate small distances at
                  | will. [potion of mutation]
  3073 | D:4      | Killed Robin
  3472 | D:4      | Killed Pikel
  3472 | D:4      | Reached XP level 8. HP: 9/64 MP: 7/7
  3887 | D:5      | Entered Level 5 of the Dungeon
  3932 | D:5      | Reached ** piety under Cheibriados
  3963 | D:5      | Found Zuguungepo's Armour Shoppe.
  3969 | D:5      | Reached skill level 10 in Long Blades
  4077 | D:5      | Reached skill level 5 in Shields
  4089 | D:5      | Noticed a two-headed ogre
  4101 | D:5      | Killed a two-headed ogre
  4101 | D:5      | Reached XP level 9. HP: 9/70 MP: 8/8
  4424 | D:5      | Found a shattered altar of Ashenzari.
  4831 | D:5      | Reached *** piety under Cheibriados
  4982 | D:6      | Reached skill level 10 in Shields
  5052 | D:6      | Reached skill level 4 in Fighting
  5113 | D:6      | Reached skill level 5 in Fighting
  5154 | D:6      | Reached skill level 6 in Fighting
  5216 | D:6      | Noticed a two-headed ogre
  5225 | D:6      | Killed a two-headed ogre
  5225 | D:6      | Reached skill level 8 in Fighting
  5225 | D:6      | Reached XP level 10. HP: 69/89 MP: 9/9
  5436 | D:6      | Reached **** piety under Cheibriados
  5478 | D:6      | Reached skill level 9 in Fighting
  5893 | D:7      | Found a basalt altar of Yredelemnul.
  5914 | D:7      | Got a faintly glowing battleaxe
  5923 | D:7      | Identified the +5 battleaxe "Butocwueg" {freeze, +Rage rF+
                  | Stlth-} (You found it on level 7 of the Dungeon)
  5989 | D:7      | Reached skill level 10 in Fighting
  6024 | D:7      | Found a staircase to the Ecumenical Temple.
  6059 | Temple   | Entered the Ecumenical Temple
  6274 | D:7      | Found a shadowy altar of Dithmenos.
  6288 | D:7      | Reached ***** piety under Cheibriados
  6664 | D:7      | Found a stormy altar of Qazlal.
  6665 | D:7      | Found an iron altar of Okawaru.
  6817 | D:8      | Found a sand-covered staircase.
  6837 | Ossuary  | Entered an ossuary
  7033 | D:8      | Noticed a two-headed ogre
  7051 | D:8      | Killed a two-headed ogre
  7051 | D:8      | Reached XP level 11. HP: 19/99 MP: 0/10
  7111 | D:8      | Reached ****** piety under Cheibriados
  7139 | D:8      | Found a bloodstained altar of Trog.
  7358 | D:8      | Identified Sif Muna's Collected Works on Ashen Evil
  7370 | D:8      | Found a staircase to the Lair.
  8495 | D:9      | Found an iron altar of Okawaru.
  8517 | D:9      | Noticed a two-headed ogre
  8523 | D:9      | Killed a two-headed ogre
  8605 | D:9      | Reached skill level 10 in Armour
  8639 | D:9      | Got a coiled golden amulet
  8641 | D:9      | Got a pitted iron ring
  8803 | Temple   | Identified the amulet of the Kangaroo {Reflect +Fly Str+3
                  | Int+4 SH+2} (You found it on level 9 of the Dungeon)
  8805 | Temple   | Identified the ring of Zuuw {Dex+3 Slay+2} (You found it on
                  | level 9 of the Dungeon)
  8894 | D:10     | Entered Level 10 of the Dungeon
  9035 | D:9      | Found an ornate altar of the Wu Jian Council.
  9178 | D:10     | Noticed Maurice
  9181 | D:10     | Got a faintly glowing brass amulet
  9185 | D:10     | Killed Maurice
  9192 | D:10     | Noticed a two-headed ogre
  9201 | D:10     | Killed a two-headed ogre
  9201 | D:10     | Reached skill level 10 in Dodging
  9204 | D:10     | Found a staircase to the Orcish Mines.
  9281 | D:10     | Reached XP level 12. HP: 80/106 MP: 11/11
  9453 | D:10     | Noticed a two-headed ogre
  9456 | D:10     | Killed a two-headed ogre
  9755 | D:11     | Reached skill level 1 in Spellcasting
  9755 | D:11     | Reached skill level 1 in Invocations
  9755 | D:11     | Reached skill level 1 in Evocations
  9912 | D:11     | Got a transparent amber ring
 10151 | D:11     | Noticed Erica
 10155 | D:11     | Killed Erica
 10307 | D:12     | Found Xiteotant's General Store.
 10338 | D:12     | Bought a wand of digging (15) for 456 gold pieces
 10484 | D:12     | Reached skill level 5 in Invocations
 10545 | D:12     | Reached XP level 13. HP: 101/113 MP: 16/16
 10811 | D:12     | Reached skill level 5 in Evocations
 11082 | D:13     | Found Powni's Food Shoppe.
 11514 | Temple   | Identified the ring "Guujem" {rPois Slay+3} (You took it
                  | off an orc on level 11 of the Dungeon)
 11515 | Temple   | Identified the amulet "Puoriwuo" {Spirit rN+ MR+} (You
                  | found it on level 10 of the Dungeon)
 12040 | D:13     | Found a gate to the Vaults.
 12188 | D:14     | Found a portal to a secret trove of treasure.
 12764 | D:14     | Found a runed gate.
 12767 | D:14     | Found an opulent altar of Gozag.
 12768 | D:14     | Noticed a fire giant
 12769 | D:14     | Found a runed gate.
 12769 | D:14     | Found a runed gate.
 12769 | D:14     | Noticed Tommers's ghost (journeyman DsFi)
 12823 | D:14     | Found a roughly hewn altar of Beogh.
 13495 | D:15     | Entered Level 15 of the Dungeon
 13504 | D:15     | Reached XP level 14. HP: 103/121 MP: 20/20
 13537 | D:15     | HP: 5/121 [red ugly thing (21)]
 13538 | D:15     | Reached skill level 5 in Spellcasting
 14232 | D:15     | Found a staircase to the Depths.
 14480 | D:15     | Reached skill level 10 in Invocations
 14962 | Lair:1   | Entered Level 1 of the Lair of Beasts
 15147 | Lair:1   | Got a fine hand crossbow
 16056 | Lair:2   | Found the amulet of the Four Winds {rN+ MR+++ Clar}
 16101 | Lair:2   | Noticed Frank's ghost (journeyman GrFi)
 16133 | Lair:2   | Found a runed gate.
 16133 | Lair:2   | Found a runed gate.
 16133 | Lair:2   | Found a runed gate.
 16200 | Lair:2   | Reached skill level 10 in Evocations
 16385 | Lair:2   | Found a staircase to the Snake Pit.
 16676 | Lair:3   | Found a runed gate.
 16676 | Lair:3   | Found a runed gate.
 16676 | Lair:3   | Found a runed gate.
 16683 | Lair:3   | Noticed Goib's ghost (journeyman BaHu)
 17344 | Lair:3   | Reached skill level 11 in Fighting
 18570 | Lair:2   | Killed Frank's ghost
 18654 | Lair:3   | Killed Goib's ghost
 18661 | Lair:3   | Reached skill level 12 in Fighting
 18684 | Lair:3   | Learned a level 2 spell: Passwall
 18751 | Lair:4   | Found a staircase to the Swamp.
 18760 | Lair:4   | Reached skill level 1 in Summonings
 19242 | Lair:4   | Reached XP level 15. HP: 134/134 MP: 23/23
 20442 | Lair:5   | Found a viscous altar of Jiyva.
 20442 | Lair:5   | Found a staircase to the Slime Pits.
 20806 | Lair:6   | Entered Level 6 of the Lair of Beasts
 20839 | Lair:6   | Reached skill level 13 in Fighting
 20913 | Lair:6   | Reached skill level 5 in Summonings
 21573 | Lair:6   | Got a jewelled rapier
 21923 | Lair:6   | Identified a scroll of acquirement
 21926 | Lair:6   | Identified the +10 rapier of Dung {distort, Str+2 Int+4}
                  | (You found it on level 6 of the Lair of Beasts)
 21927 | Lair:6   | Identified the +6 broad axe of the Badger {chop, *Slow rC++
                  | Dex+4} (You found it on level 6 of the Lair of Beasts)
 22011 | Lair:6   | Reached skill level 14 in Fighting
 22759 | Orc:1    | Entered Level 1 of the Orcish Mines
 22927 | Orc:2    | Entered Level 2 of the Orcish Mines
 23139 | Orc:2    | Found a roughly hewn altar of Beogh.
 23203 | Orc:2    | Found a roughly hewn altar of Beogh.
 23329 | Orc:1    | Noticed Fannar
 23332 | Orc:1    | Noticed Harold
 23339 | Orc:1    | Killed Fannar
 23345 | Orc:1    | Killed Harold
 23506 | Orc:2    | Found a roughly hewn altar of Beogh.
 23507 | Orc:2    | Found Juntedwa's Antique Weapon Shop.
 23574 | Orc:2    | Found a roughly hewn altar of Beogh.
 23590 | Orc:2    | Noticed Josephine
 23597 | Orc:2    | Killed Josephine
 23622 | Orc:2    | Found a roughly hewn altar of Beogh.
 23642 | Orc:2    | Found a staircase to the Elven Halls.
 24075 | Orc:2    | Noticed an orc warlord
 24090 | Orc:2    | Killed an orc warlord
 24115 | Orc:2    | Reached skill level 15 in Fighting
 24152 | Orc:2    | Found Ipaluwe's Antique Armour Shoppe.
 24195 | Orc:2    | Found Hunownin's Antique Weapon Emporium.
 24196 | Orc:2    | Found a roughly hewn altar of Beogh.
 24275 | Orc:2    | Found a roughly hewn altar of Beogh.
 24286 | Orc:2    | Found Xuluv's Jewellery Shoppe.
 24394 | Orc:2    | Found a roughly hewn altar of Beogh.
 24420 | Elf:1    | Entered Level 1 of the Elven Halls
 24438 | Elf:1    | Reached XP level 16. HP: 125/149 MP: 24/24
 24467 | Elf:1    | Noticed an Ice Fiend
 24511 | Elf:1    | Identified the Almanac of Companions
 24539 | Elf:1    | Reached skill level 10 in Summonings
 25566 | Elf:1    | Reached skill level 16 in Fighting
 25567 | Elf:1    | Found Hywid's Book Shop.
 25996 | Swamp:1  | Entered Level 1 of the Swamp
 26628 | Swamp:1  | Learned a level 7 spell: Summon Hydra
 27700 | Swamp:3  | Reached XP level 17. HP: 159/159 MP: 25/25
 27952 | Swamp:3  | Reached skill level 15 in Long Blades
 28087 | Swamp:4  | Entered Level 4 of the Swamp
 28154 | Swamp:4  | Noticed a tentacled monstrosity
 28162 | Swamp:4  | Killed a tentacled monstrosity
 28232 | Swamp:4  | Noticed the 27-headed Lernaean hydra
 28242 | Swamp:4  | Slain by a shambling mangrove

Skill      XL: |  1  2  3  4  5  6  7  8  9 10 11 12 13 14 15 16 17 |
---------------+----------------------------------------------------+-----
Long Blades    | 3 4 9 10 11 12 14 15 | 15.1
Dodging        | 2 3 5 7 10 11 | 11.4
Armour         | 6 8 10 11 | 11.5
Shields        | 8 10 11 | 11.5
Fighting       | 8 10 12 15 16 | 16.6
Spellcasting   | 3 4 6 |  6.0
Invocations    | 5 8 10 | 10.0
Evocations     | 4 8 10 | 10.0
Summonings     | 1 9 10 11 | 11.0

Action                   |  1- 3 |  4- 6 |  7- 9 | 10-12 | 13-15 | 16-18 || total
-------------------------+-------+-------+-------+-------+-------+-------++-------
Melee: Long sword        |    94 |   190 |   280 |   135 |       |       ||   699
       Headbutt          |     9 |    40 |    88 |   363 |   346 |   150 ||   996
       Scimitar          |       |       |       |   689 |   886 |   363 ||  1938
Invok: Slouch            |       |       |       |       |       |     3 ||     3
 Abil: Blink             |       |       |     2 |       |       |     1 ||     3
Evoke: Wand              |       |       |       |     1 |     6 |       ||     7
  Use: Potion            |       |     5 |     5 |     3 |     3 |     6 ||    22
       Scroll            |       |       |       |    17 |    23 |     2 ||    42
  Eat: Chunk             |       |     7 |     5 |    11 |    24 |     6 ||    53
       Ration            |       |       |       |       |     1 |       ||     1
Armor: Scale mail        |    18 |       |       |       |       |       ||    18
       Chain mail        |    33 |    75 |   159 |     2 |       |       ||   269
       Plate armour      |       |       |       |   195 |   442 |   290 ||   927
Dodge: Dodged            |    21 |    58 |   143 |   338 |   532 |   341 ||  1433
Block: Shield            |    53 |    83 |   237 |   604 |  1051 |   468 ||  2496
       Reflection        |       |       |       |    15 |    31 |    25 ||    71
       Rpst.: Long sword |     6 |    14 |    41 |    13 |       |       ||    74
       Scimitar          |       |       |       |    51 |   111 |    44 ||   206
